 Dungeon Crawl Stone Soup version 0.31.0-11-ge490571c62 (webtiles) character file.

Game seed: 264590616208268115

82567 CraigForest the Geomancer (level 15, -4/97 HPs)
             Began as a Gargoyle Earth Elementalist on Feb 5, 2024.
             Was the Champion of Vehumet.
             Killed from afar by Azrael (41 damage)
             ... with damnation
             ... on level 12 of the Dungeon on Feb 8, 2024.
             The game lasted 03:52:07 (25148 turns).

CraigForest the Geomancer (GrEE)                   Turns: 25148, Time: 03:52:07

Health: -4/97      AC: 24    Str: 10 (11) XL:     15   Next: 74%
Magic:  4/40       EV: 14    Int: 28      God:    Vehumet [******]
Gold:   1798       SH:  0    Dex:  9 (10) Spells: 6/38 levels left

rFire   + . .        G - +3 great sword (freeze)
rCold   x . .        (shield currently unavailable)
rNeg    + + .        q - +1 robe of Lugonu's Supremacy {Int+3}
rPois   ∞            K - +2 helmet {SInv}
rElec   +            R - +0 cloak
rCorr   +            D - +2 pair of gloves
SInv    +            v - +0 pair of boots
Will    +....        o - amulet of regeneration
Stlth   ++           B - ring of Woexzoni {Fire rN+ rCorr Str-2 Int+3}
HPRegen 1.16/turn    y - ring of magical power
MPRegen 0.27/turn

%: clarity
@: flying, very slightly contaminated
A: sickness immunity, AC +11, big wings, negative energy resistance 1,
electricity resistance, torment resistance 1, petrification resistance, clarity,
deterioration 1, passive freeze, robust 1, inability to drink after injury 1
a: Renounce Religion


You were on level 12 of the Dungeon.
You worshipped Vehumet.
Vehumet was exalted by your worship.
You visited 4 branches of the dungeon, and saw 20 of its levels.

You collected 1921 gold pieces.
You spent 123 gold pieces at shops.

Inventory:

Hand Weapons
 c - a +4 great sword of protection
 i - a +2 falchion of flaming
 G - a +3 great sword of freezing (weapon)
 L - a +3 scimitar
 S - the +5 short sword of Laceration {freeze, rElec rN+}
   (You found it on level 2 of the Lair of Beasts)

   rElec:     It insulates you from electricity.
   rN+:       It protects you from negative energy.
 U - a +0 demon blade of draining
Armour
 k - a +0 plate armour of cold resistance
 l - +0 fire dragon scales
 m - the +10 tower shield of Ignorance {rN+ Int-4}
   (You found it on level 1 of the Orcish Mines)

   Int-4:     It affects your intelligence (-4).
   rN+:       It protects you from negative energy.
 n - a +3 troll leather armour
 q - the +1 robe of Lugonu's Supremacy (worn) {Int+3}
   (You found it on level 4 of the Dungeon)

   Int+3:     It affects your intelligence (+3).
 r - a +2 robe of fire resistance
 v - a +0 pair of boots (worn)
 w - a +2 robe of cold resistance
 D - a +2 pair of gloves (worn)
 K - a +2 helmet of see invisible (worn)
 M - a +2 leather armour of willpower
 R - a +0 cloak (worn)
Magical Staves
 V - a staff of air
Jewellery
 e - the ring "Ezxyl" {Fire Str+2}
   (You found it on level 1 of the Lair of Beasts)

   [ring of fire]

   Fire:      It enhances your fire magic.
   Str+2:     It affects your strength (+2).
   rF+:       It protects you from fire.
   rC-:       It makes you vulnerable to cold.
 o - an amulet of regeneration (around neck)
 p - a ring of resist corrosion
 y - a ring of magical power (right hand)
 B - the ring of Woexzoni (left hand) {Fire rN+ rCorr Str-2 Int+3}
   (You acquired it on level 4 of the Lair of Beasts)

   [ring of fire]

   Fire:      It enhances your fire magic.
   Str-2:     It affects your strength (-2).
   Int+3:     It affects your intelligence (+3).
   rF+:       It protects you from fire.
   rC-:       It makes you vulnerable to cold.
   rN+:       It protects you from negative energy.
   rCorr:     It protects you from acid and corrosion.
 C - a ring of positive energy
 T - a ring of ice
Wands
 s - a wand of mindburst (28)
 t - a wand of flame (26)
 E - a wand of iceblast (10)
 H - a wand of charming (17)
 Z - a wand of acid (20)
Scrolls
 d - 2 scrolls of fog
 f - 3 scrolls of immolation
 j - 2 scrolls of fear
 F - a scroll of blinking
 J - 11 scrolls of teleportation
 O - a scroll of torment
 P - 3 scrolls of revelation
 W - a scroll of amnesia
Potions
 a - 4 potions of haste
 b - 3 potions of magic
 g - a potion of ambrosia
 h - a potion of mutation
 u - 6 potions of curing
 x - 2 potions of invisibility
 z - 4 potions of might
 A - 4 potions of brilliance
 I - 4 potions of lignification
 N - 2 potions of berserk rage
Miscellaneous
 Q - a phial of floods (inert)
 X - a box of beasts


   Skills:
 + Level 8.6 Fighting
 + Level 10.9 Long Blades
 - Level 1.1(2.1) Axes
 + Level 3.0(3.2) Maces & Flails
 + Level 8.4 Armour
 + Level 8.2 Dodging
 - Level 4.0 Stealth
 * Level 12.0 Spellcasting
 + Level 12.2 Conjurations
 + Level 0.2 Translocations
 + Level 0.5 Ice Magic
 + Level 13.8 Earth Magic
 + Level 0.5 Evocations


You had 6 spell levels left.
You knew the following spells:

 Your Spells              Type           Power      Damage    Failure   Level
a - Sandblast             Erth           100%       2d20      0%          1
b - Stone Arrow           Conj/Erth      100%       3d13      1%          3
c - Freeze                Ice            80%        1d9       1%          1
d - Brom's Barrelling Bo  Conj/Erth      74%        2d9       1%          4
e - Iskenderun's Mystic   Conj/Tloc      51%        2d11      1%          4
f - Orb of Destruction    Conj           35%        9d10      5%          7
g - Flame Wave            Conj/Fire      67%        2d15      1%          4
h - Lehudib's Crystal Sp  Conj/Erth      37%        10d9      26%         8

Your spell library contained the following spells:

 Spells                   Type           Power      Damage    Failure   Level
 Bombard                  Conj/Erth      37%        9d6       1%          6
 Passwall                 Erth           76%        N/A       1%          3
 Animate Armour           Summ/Erth      100%       N/A       1%          4
 Petrify                  Alch/Erth      53%        N/A       1%          4
 Slow                     Hex            64%        N/A       3%          1
 Jinxbite                 Hex            32%        N/A       4%          2
 Lesser Beckoning         Tloc           36%        N/A       4%          2
 Gell's Gravitas          Tloc           18%        N/A       9%          3
 Teleport Other           Tloc           18%        N/A       9%          3
 Call Canine Familiar     Summ           16%        N/A       10%         3
 Confusing Touch          Hex            16%        N/A       10%         3
 Sigil of Binding         Hex            16%        N/A       10%         3
 Vampiric Draining        Necr           16%        2d7       10%         3
 Yara's Violent Unravell  Hex/Alch       8%         3d5       22%         5
 Dimensional Bullseye     Hex/Tloc       8%         N/A       30%         4
 Enfeeble                 Hex            8%         N/A       100%        7


Dungeon Overview and Level Annotations

Branches:
Dungeon (12/15)            Temple (1/1) D:4            Lair (5/5) D:11
 Shoals (0/4) Lair:3       Spider (0/4) Lair:3        Slime (0/5) Lair:4
    Orc (2/2) D:9             Elf (0/3) Orc:2

Altars:
Ashenzari
Cheibriados
Dithmenos
Elyvilon
Fedhas
Gozag
Hepliaklqana
Kikubaaqudgha
Makhleb
Nemelex Xobeh
Okawaru
Qazlal
Ru
Sif Muna
Trog
Uskayaw
Vehumet
Wu Jian
Xom
Yredelemnul
Zin
The Shining One
Jiyva

Shops:
D:7 *   Orc:2 :*([

Annotations:
D:12 Azrael, Frances


Innate Abilities, Weirdness & Mutations

You are immune to sickness and miasma.
Your stone body is resilient. (AC +11)
You are immune to poison.
Your large and strong wings let you fly.
You resist negative energy. (rN+)
You are resistant to electric shocks. (rElec)
You are resistant to unholy torment.
You are immune to petrification.
You possess an exceptional clarity of mind.
Your body sometimes deteriorates upon taking damage.
A frigid envelope surrounds you and freezes all who hurt you.
You are robust. (+10% HP)
You occasionally lose the ability to drink potions when taking damage.


Message History

The fire elemental is frozen!
The fire elemental is very cold.
The fire elemental is severely damaged.
The fire elemental closely misses you.
Gastronok is engulfed in blazing flames.
You barely miss the fire elemental.
The fire elemental is severely damaged.
The fire elemental misses you.
You slash the fire elemental! You freeze the fire elemental.
You destroy the fire elemental!
Vehumet accepts your kill.
You feel your power returning.
The hell hound bites you but does no damage.
Gastronok is engulfed in blazing flames.
Gastronok mumbles some strange words.
Okay, then.
Aiming: Lehudib's Crystal Spear (quite dangerous; 26% risk of failure)
Press: ? - help, Q - select action, (/) - cycle Shift-Dir - straight line, f - river rat
Aim: a river rat (summoned, 77% to hit)
The crystal spear hits the hell hound!!!
You kill the hell hound!
Vehumet accepts your kill. Azrael gestures at you.
The sphere of damnation explodes!
The damnation engulfs you!!
Gastronok is engulfed in blazing flames.
Gastronok's eyestalks stretch out, then return to normal size.
Azrael gestures at you. The bolt of fire misses you. Azrael gestures at you.
The fireball explodes!
The fireball engulfs you! You resist.
Gastronok is engulfed in blazing flames.
The air fills with toxic fumes!
As you read the scroll of poison, it crumbles to dust.
Gastronok is no longer moving quickly.
Gastronok is engulfed in blazing flames.
Gastronok dies!
The river rat disappears in a puff of smoke!
Okay, then.
Azrael gestures at you.
The sphere of damnation explodes!
The damnation engulfs you!!!
You die...

.#§≈≈.§≈≈≈#####§§§V##
.#≈≈§.§§§≈#....§§§§#
.'..§.8...'.###§§§§#
.'...8)...'.# #§§.##
##≈≈.§§.≈§### ##R§#
#≈≈≈.§≈§§# #§§#
##≈≈§..≈§≈# ###§§#
.####'§#### #.☼§##
.##....## #.#@#
.####...# #.#§# .#
###.# #.#§# .# #.#
#.#.# .# #.######...#
.######.#...##...##
.....##...........##
####.##............#
# #.##)...........#


You could see Azrael.

Vanquished Creatures
  An orc warlord (Orc:2)
  A minotaur (D:12)
  6 dire elephants (Lair:5)
  Josephine (Lair:4)
  Erolcha (D:11)
  A hydra (Lair:2)
  An ogre mage (Orc:2)
  A catoblepas (Lair:1)
  The ghost of Arctor the Summoner, a journeyman DEFE of Sif Muna (D:10)
  2 boulder beetles
  8 two-headed ogres
  2 orc high priests
  3 death yaks (Lair:5)
  Sonja (Lair:5)
  Nergalle (D:10)
  A spectral death yak (Lair:5)
  A spectral anaconda (Lair:5)
  An obsidian statue (Lair:5)
  4 orange crystal statues (Orc:1)
  4 orc knights (Orc:2)
  A deep elf pyromancer (D:12)
  4 necromancers (Lair:5)
  8 orc sorcerers
  An oklob plant (Lair:1)
  A manticore (D:12)
  A wolf spider (Lair:3)
  9 black mambas
  A kobold blastminer (Orc:2)
  9 cane toads
  A dire elephant zombie (Lair:5)
  27 elephants
  2 torpor snails
  An unseen horror (D:11)
  Psyche (D:12)
  2 rime drakes
  8 komodo dragons
  3 polar bears
  5 hornets
  10 blink frogs
  8 trolls
  8 dream sheep
  Sigmund (D:2)
  A shadow (D:11)
  3 wyverns
  3 fire elementals (D:12)
  2 basilisks (Lair:1)
  7 wraiths
  A vampire (D:10)
  2 steam dragons
  42 yaks
  9 wargs
  2 spectral cane toads (Lair:5)
  5 hell hounds (D:12)
  12 water moccasins
  33 orc warriors
  An elephant zombie (Lair:5)
  2 laughing skulls (D:12)
  4 ogres
  2 black bears
  36 wolves
  6 centaurs
  2 kobold brigands (D:11)
  2 gnoll sergeants
  6 scorpions
  15 bullfrogs
  25 wights
  9 killer bees (D:8)
  An elephant simulacrum (Lair:5)
  4 howler monkeys
  13 electric eels
  A vampire bat (D:4)
  2 bombardier beetles
  2 hounds
  A gnoll bouda (D:8)
  A jelly (Lair:4)
  29 orc priests
  5 iguanas
  20 orc wizards
  Ijyb (D:5)
  7 adders
  15 gnolls
  2 white imps
  2 ufetubi
  2 ribbon worms
  3 dart slugs
  3 fire bats (D:4)
  58 orcs
  2 spectral bats (D:4)
  6 ball pythons
  3 bat skeletons (D:4)
  A bat zombie (D:4)
  10 endoplasms
  4 giant cockroaches
  3 goblins
  5 hobgoblins
  2 jackals (D:5)
  17 kobolds
  6 quokkas
  13 bats
  A bat simulacrum (D:4)
  2 frilled lizards
  6 rats
639 creatures vanquished.

Vanquished Creatures (collateral kills)
  A cane toad (Lair:1)
  A rime drake (Lair:1)
  A komodo dragon (Lair:1)
  A wolf (Lair:1)
  An orc wizard (D:9)
  12 boulders
17 creatures vanquished.

Vanquished Creatures (others)
  Gastronok (D:12)
  Maurice (D:11)
  An orc warrior (Orc:2)
  10 boulders
13 creatures vanquished.

Grand Total: 669 creatures vanquished

Notes
Turn   | Place    | Note
-------+----------+-------------------------------------------
     0 | D:1      | CraigForest the Gargoyle Earth Elementalist began the quest
                  | for the Orb.
     0 | D:1      | Reached XP level 1. HP: 10/10 MP: 3/3
   155 | D:1      | Reached XP level 2. HP: 15/15 MP: 3/5
   287 | D:1      | Reached skill level 4 in Earth Magic
   861 | D:2      | Reached XP level 3. HP: 19/19 MP: 3/6
  1027 | D:2      | Noticed Sigmund
  1034 | D:2      | Killed Sigmund
  1035 | D:2      | Reached skill level 1 in Maces & Flails
  1035 | D:2      | Reached skill level 5 in Earth Magic
  1035 | D:2      | Reached XP level 4. HP: 21/24 MP: 1/8
  1035 | D:2      | Reached XP level 5. HP: 25/28 MP: 1/9
  1157 | D:2      | Reached XP level 6. HP: 33/33 MP: 8/10
  1359 | D:2      | Learned a level 3 spell: Stone Arrow
  2730 | D:4      | Found a staircase to the Ecumenical Temple.
  2739 | Temple   | Entered the Ecumenical Temple
  2899 | Temple   | Became a worshipper of Vehumet
  3026 | D:4      | Identified the +1 robe of Lugonu's Supremacy {Int+3}
  3515 | D:4      | Noticed Ijyb
  3709 | D:4      | Found a broken altar of Ashenzari.
  3945 | D:4      | Reached * piety under Vehumet
  3945 | D:4      | Offered knowledge of Freeze by Vehumet.
  3949 | D:4      | Learned a level 1 spell: Freeze
  3978 | D:4      | Reached XP level 7. HP: 19/37 MP: 5/12
  4176 | D:4      | Reached skill level 6 in Earth Magic
  4439 | D:5      | Entered Level 5 of the Dungeon
  4662 | D:5      | Killed Ijyb
  5002 | D:5      | Reached skill level 1 in Fighting
  5350 | D:5      | Reached XP level 8. HP: 38/43 MP: 2/14
  5501 | D:5      | Gained mutation: You possess an exceptional clarity of
                  | mind. [potion of mutation]
  5501 | D:5      | Gained mutation: You are robust. (+10% HP) [potion of
                  | mutation]
  5501 | D:5      | Gained mutation: You occasionally lose the ability to drink
                  | potions when taking damage. [potion of mutation]
  5501 | D:5      | Gained mutation: A frigid envelope surrounds you and
                  | freezes all who hurt you. [potion of mutation]
  5763 | D:5      | You fall into a shaft and drop 2 floors!
  5786 | D:7      | Reached ** piety under Vehumet
  5786 | D:7      | Offered knowledge of Magic Dart by Vehumet.
  6607 | D:7      | Found Zotazo's Assorted Antiques.
  6613 | D:7      | Reached skill level 5 in Spellcasting
  6613 | D:7      | Reached skill level 7 in Earth Magic
  6618 | D:7      | Bought a clear potion for 26 gold pieces
  6618 | D:7      | Bought a scroll labelled DIRPHO FIFAULLI for 29 gold pieces
  6938 | D:6      | Reached XP level 9. HP: 49/51 MP: 7/16
  6938 | D:6      | Found a shimmering blue altar of Sif Muna.
  6942 | D:6      | Found a basalt altar of Yredelemnul.
  7522 | D:6      | Offered knowledge of Momentum Strike by Vehumet.
  7759 | D:7      | Reached skill level 5 in Armour
  8211 | D:8      | Reached skill level 1 in Long Blades
  8342 | D:8      | Reached *** piety under Vehumet
  8357 | D:8      | Reached skill level 5 in Conjurations
  8380 | D:8      | Found an iron altar of Okawaru.
  8391 | D:8      | Reached skill level 8 in Earth Magic
  8391 | D:8      | Reached XP level 10. HP: 25/58 MP: 8/19
  8484 | D:8      | Offered knowledge of Iskenderun's Mystic Blast by Vehumet.
  8490 | D:8      | Learned a level 4 spell: Brom's Barrelling Boulder
  8495 | D:8      | Learned a level 4 spell: Iskenderun's Mystic Blast
  9332 | D:9      | Reached **** piety under Vehumet
  9344 | D:9      | Noticed a two-headed ogre
  9347 | D:9      | Killed a two-headed ogre
  9358 | D:9      | Offered knowledge of Inner Flame by Vehumet.
  9531 | D:9      | Identified the +1 quarterstaff "Zadai" {heavy, Str+5 Int-5
                  | Dex+2}
  9630 | D:9      | Noticed a two-headed ogre
  9643 | D:9      | Killed a two-headed ogre
  9644 | D:9      | Reached skill level 5 in Dodging
  9644 | D:9      | Reached XP level 11. HP: 66/66 MP: 7/21
  9900 | D:9      | Reached skill level 5 in Long Blades
 10060 | D:9      | Reached ***** piety under Vehumet
 10060 | D:9      | Offered knowledge of Orb of Destruction by Vehumet.
 10177 | D:9      | Found a staircase to the Orcish Mines.
 10891 | D:10     | Entered Level 10 of the Dungeon
 10900 | D:10     | Noticed Nergalle
 10909 | D:10     | Killed Nergalle
 10944 | D:10     | Found a runed translucent door.
 10948 | D:10     | Noticed Arctor's ghost (journeyman DEFE)
 10960 | D:10     | Killed Arctor's ghost
 10961 | D:10     | Reached skill level 9 in Earth Magic
 10963 | D:10     | Identified the +1 chain mail of Protective Custody {rPois
                  | Str-4 Dex+4}
 11109 | D:10     | Identified the +6 war axe of the Asp {speed, Dex+2}
 11213 | D:10     | Reached skill level 1 in Axes
 11304 | D:10     | Learned a level 7 spell: Orb of Destruction
 11849 | D:11     | Reached skill level 5 in Fighting
 11978 | D:11     | Reached XP level 12. HP: 74/74 MP: 11/24
 12205 | D:11     | Found a shimmering altar of Xom.
 12206 | D:11     | Noticed a boulder beetle
 12228 | D:11     | Killed a boulder beetle
 12375 | D:11     | Noticed Erolcha
 12380 | D:11     | Killed Erolcha
 12401 | D:11     | Noticed Maurice
 12405 | D:11     | Maurice stole a ring of ice
 12406 | D:11     | Maurice stole 511 gold
 12411 | D:11     | Maurice stole 10 gold
 12422 | D:11     | Killed Maurice
 13072 | D:11     | Found a staircase to the Lair.
 13213 | D:12     | Noticed a two-headed ogre
 13222 | D:12     | Killed a two-headed ogre
 13258 | D:12     | Reached skill level 10 in Earth Magic
 13305 | D:12     | Found a runed translucent door.
 13509 | D:12     | Noticed a minotaur
 13528 | D:12     | HP: 2/74 [minotaur (4)]
 13529 | D:12     | Killed a minotaur
 13684 | D:12     | Noticed Frances
 13715 | Lair:1   | Entered Level 1 of the Lair of Beasts
 14124 | Lair:1   | Noticed a catoblepas
 14132 | Lair:1   | Killed a catoblepas
 14440 | Lair:1   | Reached XP level 13. HP: 81/81 MP: 14/26
 14610 | Lair:1   | Identified the ring "Ezxyl" {Fire Str+2}
 15029 | Lair:2   | Reached skill level 11 in Earth Magic
 15098 | Lair:2   | Identified the +5 short sword of Laceration {freeze, rElec
                  | rN+}
 15252 | Lair:2   | Offered knowledge of Flame Wave by Vehumet.
 15793 | Lair:3   | Learned a level 4 spell: Flame Wave
 15873 | Lair:3   | Found a hole to the Spider Nest.
 16061 | Lair:3   | Found a staircase to the Shoals.
 16220 | Lair:3   | Found a broken altar of Ashenzari.
 16324 | Lair:3   | Reached skill level 10 in Conjurations
 16770 | Lair:4   | Identified a scroll of acquirement
 16770 | Lair:4   | Acquired the ring of Woexzoni {Fire rN+ rCorr Str-2 Int+3}
 16933 | Lair:4   | Reached skill level 10 in Spellcasting
 17217 | Lair:4   | Noticed Josephine
 17226 | Lair:4   | Killed Josephine
 17234 | Lair:4   | Gained mutation: Your large and strong wings let you fly.
                  | [Gargoyle growth]
 17234 | Lair:4   | Reached XP level 14. HP: 60/90 MP: 25/28
 17380 | Lair:4   | Found a viscous altar of Jiyva.
 17383 | Lair:4   | Found a staircase to the Slime Pits.
 17446 | Lair:4   | Reached skill level 12 in Earth Magic
 17815 | Lair:5   | Entered Level 5 of the Lair of Beasts
 18146 | Lair:5   | Offered knowledge of Freezing Cloud by Vehumet.
 18233 | Lair:5   | Noticed Sonja
 18242 | Lair:5   | Killed Sonja
 19086 | Lair:5   | Noticed a dire elephant
 19086 | Lair:5   | Noticed a dire elephant
 19086 | Lair:5   | Noticed a dire elephant
 19086 | Lair:5   | Noticed a dire elephant
 19087 | Lair:5   | Noticed a dire elephant
 19092 | Lair:5   | Killed a dire elephant
 19191 | Lair:5   | Noticed a dire elephant
 19200 | Lair:5   | Killed a dire elephant
 19661 | Lair:5   | Reached skill level 13 in Earth Magic
 19673 | Lair:5   | Reached skill level 10 in Long Blades
 19918 | Lair:5   | Killed a dire elephant
 20236 | Lair:5   | Killed a dire elephant
 20293 | Lair:5   | Killed a dire elephant
 20294 | Lair:5   | Reached XP level 15. HP: 74/96 MP: 7/30
 20862 | Lair:5   | Gained mutation: Your body sometimes deteriorates upon
                  | taking damage. [a neqoxec]
 21315 | Orc:1    | Entered Level 1 of the Orcish Mines
 21397 | Orc:1    | Reached ****** piety under Vehumet
 21592 | Orc:1    | Found a runed translucent door.
 21699 | Orc:1    | Found the +10 tower shield of Ignorance {rN+ Int-4}
 21719 | Orc:1    | Found a runed translucent door.
 21728 | Orc:1    | Offered knowledge of Eringya's Noxious Bog by Vehumet.
 21738 | Orc:1    | Learned a level 8 spell: Lehudib's Crystal Spear
 22797 | Orc:1    | Noticed an orc warlord
 23444 | Orc:2    | Entered Level 2 of the Orcish Mines
 23444 | Orc:2    | Found a staircase to the Elven Halls.
 24099 | Orc:2    | Noticed an orc warlord
 24133 | Orc:2    | Found Mussiug's Book Shop.
 24161 | Orc:2    | Found Axeedof's General Store.
 24192 | Orc:2    | Killed an orc warlord
 24376 | Orc:2    | Found Sesoorua's Antique Armour Shop.
 24396 | Orc:2    | Offered knowledge of Bombard by Vehumet.
 24623 | Orc:2    | Found Icoyfufo's Antique Weapon Shop.
 24839 | Orc:2    | Bought a scroll of identify for 34 gold pieces
 24839 | Orc:2    | Bought a scroll of identify for 34 gold pieces
 25054 | D:12     | Noticed Psyche
 25057 | D:12     | Killed Psyche
 25118 | D:12     | Noticed Azrael
 25120 | D:12     | Noticed Gastronok
 25143 | D:12     | Killed Gastronok
 25148 | D:12     | Killed from afar by Azrael

Illustrated notes

Levels and vault maps discovered:
D:1:      amcnicky_arrival_underground_garden, layout_basic
D:2:      layout_rooms, uniq_sigmund
D:3:      layout_basic
D:4:      layout_loops_ring, mainiacjoe_overflow_alcove_2,
          minmay_temple_entry_mini_moons, goddamned_bats, uniq_ijyb
D:5:      layout_rooms, st_stairs_4
D:6:      layout_loops_corners, grunt_temple_overflow_open
D:7:      layout_cave_pools, serial_shops,
          nicolae_shop_temple_entry_statues_fountains, serial_rivers,
          chequers_serial_rivers_large_a, chequers_serial_rivers_room_b,
          chequers_serial_rivers_small_a, chequers_serial_rivers_marsh,
          chequers_serial_rivers_large_b, serial_bayou_lake_a
D:8:      layout_basic, overflow_temple_1_default
D:9:      kennysheep_six_static_rooms, layout_basic, erik_orc_2,
          chequers_serial_rivers_micro_c
D:10:     layout_irregular_city, serial_glass, glass_columns_a, glass_columns_a,
          glass_columns_a, glass_columns_a, glass_columns_a, glass_columns_b,
          ebering_ghost_inner_flame, uniq_nergalle
D:11:     layout_loops_corners, grunt_lair_entry_orc_guard_hut,
          xom_teletrap_fun, uniq_erolcha, uniq_maurice
D:12:     dreamdust_labyrinth, layout_rooms, kennysheep_generic_room_4,
          uniq_gastronok, uniq_frances, uniq_psyche, uniq_azrael
Temple:   mainiacjoe_temple_bowtie_tessellation
Lair:1:   layout_gridlike, st_stairs_11, pdpol_lair_cavern_descent,
          grunt_megastairs_3
Lair:2:   layout_cellular_growth
Lair:3:   layout_chaotic_city, minmay_shoals_entry_centaurs, dummy_spider_entry,
          basic_altar, fungi_pond_lemuel, nicolae_lair_run_with_the_wolves
Lair:4:   layout_gridlike, slime_entry_2, uniq_josephine
Lair:5:   due_jungle_book, layout_cave_pods, uniq_sonja
Orc:1:    layout_caves, chequers_guarded_unrand_ignorance
Orc:2:    grunt_orc_cross, layout_caves, mines5_lemuel

Skill      XL: |  1  2  3  4  5  6  7  8  9 10 11 12 13 14 15 |
---------------+----------------------------------------------+-----
Dodging        | 2 3 4 5 6 7 8 |  8.2
Earth Magic    | 4 5 6 7 8 9 10 11 13 | 13.8
Maces & Flails | 1 2 3 |  3.0
Armour         | 2 3 4 6 7 8 |  8.4
Spellcasting   | 3 4 5 6 7 8 9 10 11 12 | 12.0
Fighting       | 1 2 3 5 6 7 8 |  8.6
Conjurations   | 2 3 5 6 7 9 10 11 12 | 12.2
Stealth        | 3 4 |  4.0
Long Blades    | 2 4 5 7 8 10 | 10.9
Axes           | 1 |  1.1
Translocations | |  0.2
Ice Magic      | |  0.5
Evocations     | |  0.5

Action                     |  1- 3 |  4- 6 |  7- 9 | 10-12 | 13-15 || total
---------------------------+-------+-------+-------+-------+-------++-------
  Melee: Dagger            |     4 |       |       |       |       ||     4
         Unarmed           |     1 |       |       |       |       ||     1
         Whip              |    20 |    45 |    71 |       |       ||   136
         Mace              |     3 |       |       |       |       ||     3
         Great sword       |       |       |    30 |   201 |   651 ||   882
         War axe           |       |       |       |    20 |       ||    20
   Cast: Sandblast         |    35 |     3 |       |       |       ||    38
         Stone Arrow       |       |    38 |   109 |   193 |   559 ||   899
         Freeze            |       |     7 |       |       |       ||     7
         Brom's Barrelling |       |       |       |    22 |       ||    22
         Flame Wave        |       |       |       |       |     3 ||     3
         Iskenderun's Myst |       |       |       |       |     1 ||     1
         Lehudib's Crystal |       |       |       |       |     7 ||     7
  Evoke: Phial of floods   |       |       |       |       |     2 ||     2
         Box of beasts     |       |       |       |       |     1 ||     1
    Use: Scroll            |       |     3 |     8 |     6 |    18 ||    35
         Potion            |       |       |     1 |     3 |     5 ||     9
   Stab: Sleeping          |       |       |     1 |     2 |       ||     3
         Invisible         |       |       |       |     1 |       ||     1
 Armour: Robe              |    18 |    68 |   119 |    33 |    21 ||   259
         Leather armour    |       |       |       |   272 |   551 ||   823
         Troll leather arm |       |       |       |       |   514 ||   514
         Plate armour      |       |       |       |       |     8 ||     8
  Dodge: Dodged            |    29 |    99 |   128 |   232 |   856 ||  1344
